Map: Cyber Forest LE

Players

ShaolinLunk

  • Race: Protoss Protoss
  • League: Diamond
  • Spawn Location: 11:00

A.I. 1 (Very Easy) - Winner!

  • Race: Terran Terran
  • Spawn Location: 5:00

VOD

Have the link to the VOD?

Description

Time

  • Played on: Feb. 1, 2019, 9:24 a.m.
  • Length: 3:14
Show
View Real Time Build Order
Export as new Build Order

ShaolinLunk Protoss 

Build Orders: 1 Gate Expand 

Get SALT Encoding   

  12  0:01  Probe  
  13  0:13  Probe  
  14  0:18  Pylon  
  14  0:25  Probe  
  15  0:37  Probe  
  15  0:40  Gateway  
  16  0:44  Assimilator  
  16  0:45  Probe  
  17  0:53  Probe  
  17  1:03  Probe  
  19  1:16  Probe  
  20  1:27  Cybernetics Core  
  20  1:34  Warp Gate  
  20  1:35  Nexus  
  20  1:39  Pylon  
  20  1:45  Assimilator  
  20  1:47  Probe  
  21  1:59  Probe  
  22  2:04  Stalker  
  24  2:11  Probe  
  25  2:23  Probe  
  26  2:34  Stalker  
  26  2:35  Probe  
  29  2:42  Gateway  
  29  2:47  Probe x2  
  31  2:55  Gateway  
  31  3:02  Probe x2  
  35  3:10  Pylon  
Show
View Real Time Build Order
Export as new Build Order

A.I. 1 (Very Easy) Terran - Winner!

Build Orders: Reaper Expand 

Get SALT Encoding   

  12  0:00  SCV  
  13  0:13  SCV  
  14  0:18  Supply Depot  
  14  0:42  Barracks  
  14  1:03  Command Center  
  14  1:30  Supply Depot, Orbital Command  
  14  1:31  Marine  
  15  1:38  Refinery  
  15  1:50  Refinery  
  15  1:56  SCV  
  17  2:08  SCV  
  17  2:15  SCV  
  18  2:18  Reaper  
  18  2:22  SCV  
  20  2:29  SCV  
  21  2:36  SCV  
  22  2:41  Refinery  
  22  2:43  SCV  
  23  2:50  SCV  
  24  2:58  SCV  
Tags
 
Add a new tag
Caveats
  • Supply blocks, unpowered buildings, or Contaminate may cause inaccurate times.
  • Supply counts are checked every 10 seconds.